Map: Ice and Chrome LE

Players

ShoWTimE - Winner!

  • Race: Protoss Protoss
  • Spawn Location: 1:00

BlyOnFire (Bly)

  • Race: Zerg Zerg
  • League: Grandmaster
  • Spawn Location: 7:00

Event: DreamHack SC2 Masters 2020 Summer Europe

VOD

Have the link to the VOD?

Description

Time

  • Played on: June 25, 2020, 10:32 a.m.
  • Length: 16:47

All games in this series

Show
View Real Time Build Order
Export as new Build Order

ShoWTimE Protoss - Winner!

Build Orders: 1 Gate Expand 

Get SALT Encoding   

  12  0:00  Probe  
  13  0:12  Probe  
  14  0:20  Pylon  
  14  0:24  Probe  
  15  0:34  Probe  
  15  0:40  Gateway  
  15  0:42  Probe  
  17  0:50  Assimilator  
  17  0:52  Probe  
  18  1:04  Probe  
  19  1:16  Probe  
  20  1:27  Cybernetics Core  
  20  1:35  Nexus  
  20  1:45  Pylon  
  20  1:46  Probe  
  21  1:53  Adept  
  21  1:54  Assimilator  
  21  1:58  Probe  
  22  2:06  Pylon  
  24  2:11  Probe  
  24  2:13  Adept  
  25  2:17  Shield Battery  
  25  2:26  Probe  
  26  2:31  Warp Gate  
  26  2:39  Robotics Facility  
  26  2:41  Probe  
  27  2:47  Adept  
  28  2:57  Probe  
  29  3:11  Gateway, Probe x2  
  31  3:17  Sentry  
  33  3:23  Warp Prism, Probe  
  34  3:28  Probe  
  37  3:37  Probe  
  37  3:40  Probe  
  39  3:44  Sentry  
  41  3:49  Pylon, Probe  
  41  3:50  Probe  
  43  3:58  Probe  
  43  4:00  Observer  
  43  4:01  Probe  
  46  4:07  Assimilator, Probe  
  46  4:09  Assimilator  
  46  4:13  Probe  
  48  4:17  Pylon  
  48  4:19  Probe  
  49  4:25  Probe  
  49  4:31  Probe  
  51  4:37  Stalker, Probe  
  54  4:41  Stargate  
  54  4:43  Stargate, Probe  
  55  4:48  Pylon  
  55  4:49  Probe  
  56  4:55  Immortal, Probe  
  61  5:02  Probe  
  62  5:10  Probe  
  62  5:12  Stalker x2  
  67  5:19  Phoenix x2  
  65  5:22  Probe  
  65  5:23  Pylon  
  70  5:31  Pylon  
  49  5:42  Phoenix  
  70  5:43  Phoenix  
  70  5:45  Pylon  
  70  5:49  Immortal  
  78  5:53  Adept  
  78  5:55  Pylon  
  80  5:58  Adept  
  80  5:59  Probe  
  80  6:02  Probe  
  83  6:11  Probe  
  83  6:15  Gateway  
  83  6:19  Gateway  
  83  6:21  Phoenix  
  85  6:26  Phoenix  
  87  6:34  Immortal  
  87  6:36  Sentry  
  89  6:41  Pylon  
  93  6:56  Nexus  
  93  7:05  Sentry x2, Pylon  
  97  7:09  Probe  
  97  7:12  Probe  
  97  7:13  Gateway x2, Immortal  
  99  7:29  Probe x2  
  105  7:30  Shield Battery  
  105  7:31  Shield Battery  
  105  7:41  Probe x2  
  105  7:44  Forge, Twilight Council  
  107  7:53  Probe x2  
  107  7:57  Immortal  
  113  8:05  Probe  
  114  8:07  Protoss Ground Weapons Level 1  
  114  8:08  Probe  
  114  8:09  Probe  
  114  8:10  Charge  
  114  8:11  Adept, Pylon  
  118  8:13  Probe  
  118  8:17  Probe  
  118  8:18  Probe  
  119  8:21  Probe  
  119  8:22  Sentry x2  
  126  8:31  Shield Battery  
  126  8:34  Shield Battery  
  126  8:36  Immortal  
  126  8:39  Pylon  
  126  8:41  Shield Battery  
  130  8:46  Shield Battery, Zealot  
  130  8:48  Pylon  
  132  8:52  Stalker, Shield Battery  
  134  9:01  Stalker x3  
  122  9:18  Zealot x3  
  112  9:26  Stalker x3  
  118  9:37  Immortal  
  118  9:38  Gateway  
  118  9:40  Gateway  
  118  9:42  Stalker x2, Shield Battery  
  118  9:45  Zealot  
  122  9:51  Zealot x2  
  125  9:53  Zealot  
  125  9:55  Pylon  
  115  10:07  Immortal  
  115  10:08  Zealot x2  
  115  10:12  Zealot x2  
  119  10:17  Zealot  
  120  10:28  Zealot x2  
  120  10:30  Protoss Ground Weapons Level 2  
  120  10:33  Zealot x2  
  121  10:37  Zealot  
  121  10:38  Probe  
  114  10:45  Probe  
  114  10:46  Immortal  
  114  10:47  Probe  
  110  10:51  Probe  
  107  10:57  Gateway  
  107  11:02  Phoenix x2  
  111  11:09  Probe  
  111  11:11  Assimilator  
  112  11:12  Assimilator  
  112  11:17  Warp Prism  
  112  11:26  Nexus  
  112  11:27  Pylon  
  112  11:29  Pylon  
  112  11:30  Pylon x2  
  114  11:34  Zealot x2  
  114  11:39  Templar Archives  
  118  11:40  Phoenix  
  118  11:42  Phoenix, Cybernetics Core  
  118  11:46  Pylon  
  122  11:53  Gateway x2  
  122  11:59  Zealot x2  
  126  12:01  Probe x2  
  128  12:08  Phoenix  
  128  12:15  Probe x2  
  131  12:17  High Templar  
  131  12:18  High Templar x3  
  131  12:19  High Templar x2  
  131  12:20  Immortal, Probe  
  145  12:25  Archon x3  
  145  12:36  Shield Battery  
  147  12:38  Shield Battery  
  147  12:43  Photon Cannon  
  145  12:44  Photon Cannon  
  145  12:46  Blink  
  145  12:54  High Templar  
  145  12:55  High Templar, Zealot x2  
  153  13:00  Assimilator  
  153  13:01  Archon  
  153  13:05  Assimilator  
  153  13:07  Observer, Zealot x4  
  153  13:08  Protoss Ground Weapons Level 3  
  161  13:13  Photon Cannon  
  162  13:23  Probe  
  163  13:29  High Templar x2  
  163  13:30  Zealot x5  
  177  13:37  Zealot  
  177  13:38  Archon  
  179  13:42  Immortal  
  175  14:04  High Templar x4  
  175  14:05  Zealot  
  175  14:09  Nexus, Archon x2  
  185  14:11  Pylon, Probe  
  185  14:17  Pylon, Probe x2  
  185  14:38  Photon Cannon  
  185  14:48  Nexus  
  185  14:52  Zealot x6  
  193  14:53  Zealot  
  199  15:04  Photon Cannon  
  198  15:12  Probe  
  198  15:13  Photon Cannon, Probe  
  200  15:15  Photon Cannon  
  196  15:27  Gateway  
  194  15:32  High Templar  
  194  15:33  High Templar, Zealot  
  194  15:34  Gateway  
  200  15:36  Gateway  
  200  15:37  Archon  
  200  15:39  Gateway  
  200  15:41  Gateway  
  200  15:47  High Templar x5  
  194  15:50  High Templar x2  
  194  15:51  Archon x2  
  194  15:55  Archon  
  198  15:59  High Templar  
  196  16:04  Archon  
  196  16:06  Warp Prism, Stalker  
  168  16:13  Stalker  
  164  16:19  Stalker x2  
  164  16:20  Stalker x3  
  164  16:25  Probe x4  
  176  16:28  Photon Cannon, Stalker x3  
  178  16:42  Stalker x4  
  178  16:43  Stalker x6  
Show
View Real Time Build Order
Export as new Build Order

BlyOnFire Zerg 

Build Orders: Pool First 

Get SALT Encoding   

  12  0:01  Drone  
  13  0:12  Overlord  
  13  0:17  Drone  
  14  0:31  Drone x2  
  16  0:40  Spawning Pool  
  15  0:46  Drone  
  16  0:50  Drone  
  17  1:06  Extractor  
  17  1:11  Hatchery  
  15  1:14  Drone  
  16  1:27  Zergling x4  
  16  1:29  Zergling x2  
  19  1:35  Queen  
  21  1:50  Overlord  
  21  1:52  Drone  
  22  2:08  Drone  
  22  2:10  Queen, Metabolic Boost  
  24  2:31  Drone x2  
  24  2:32  Drone  
  27  2:42  Hatchery  
  26  2:48  Drone x2  
  28  2:57  Drone x2  
  29  3:07  Drone x4  
  32  3:20  Drone x3  
  32  3:26  Drone  
  36  3:29  Lair  
  36  3:34  Overlord  
  36  3:37  Extractor  
  36  3:39  Extractor, Queen  
  38  3:48  Overlord  
  38  3:52  Overlord  
  38  3:54  Drone  
  38  3:55  Drone x4  
  43  3:58  Drone x2  
  45  4:06  Roach Warren  
  45  4:07  Drone x2  
  46  4:11  Extractor  
  46  4:16  Zergling x8  
  49  4:21  Zergling x8  
  49  4:23  Zergling x2  
  50  4:45  Drone x7  
  57  4:49  Overseer  
  57  4:54  Drone  
  57  4:55  Drone x4  
  60  5:10  Drone  
  60  5:11  Glial Reconstitution, Drone x3  
  61  5:21  Drone x3  
  62  5:23  Drone  
  62  5:28  Overlord  
  62  5:29  Extractor  
  62  5:32  Overlord  
  61  5:41  Drone x3  
  63  5:47  Extractor  
  62  5:52  Queen x3  
  62  5:57  Hatchery  
  66  6:05  Drone x7  
  66  6:07  Overlord  
  71  6:23  Roach  
  71  6:24  Roach, Overlord x2, Extractor  
  71  6:25  Overlord x4  
  73  6:32  Overlord  
  73  6:35  Drone  
  73  6:37  Overlord x5  
  74  6:42  Overlord  
  72  6:52  Roach x3  
  78  6:56  Drone x2  
  78  6:58  Roach x4  
  88  7:02  Spore Crawler  
  88  7:03  Spore Crawler  
  88  7:04  Spore Crawler  
  84  7:10  Drone x9  
  89  7:18  Drone  
  89  7:19  Queen x3  
  91  7:23  Drone x3  
  91  7:28  Drone x2  
  96  7:39  Drone  
  96  7:40  Drone x2  
  98  7:46  Roach x6  
  110  7:54  Roach x4  
  118  8:05  Roach x7  
  132  8:20  Overseer x2  
  132  8:23  Zergling x24  
  132  8:26  Ravager x10  
  154  8:27  Ravager  
  154  8:33  Ravager x3  
  155  8:42  Overlord  
  155  8:43  Roach x7  
  155  8:47  Ravager x4  
  173  8:51  Overlord  
  173  8:52  Overlord  
  173  8:53  Overlord  
  173  9:01  Roach x4  
  174  9:06  Zergling x10  
  170  9:16  Zergling x12  
  150  9:26  Zergling x16  
  148  9:31  Ravager x6  
  148  9:32  Ravager, Zergling x8  
  148  9:38  Overseer x2  
  157  9:46  Zergling x2  
  157  9:47  Zergling x12  
  157  9:51  Zergling x4  
  154  10:12  Roach  
  154  10:13  Roach x7  
  162  10:21  Roach x3  
  146  10:36  Roach x5  
  145  10:49  Roach x3  
  133  10:50  Roach x2  
  133  10:52  Extractor  
  133  10:53  Baneling Nest  
  133  10:55  Roach x3  
  134  11:10  Roach x5  
  141  11:16  Pneumatized Carapace  
  141  11:17  Zergling x6  
  144  11:25  Zergling x2  
  144  11:26  Zergling x4  
  144  11:32  Evolution Chamber  
  145  11:37  Centrifical Hooks  
  139  11:41  Drone x14  
  139  11:46  Ravager x10  
  139  11:47  Hatchery, Ravager  
  163  11:54  Spore Crawler  
  162  12:05  Zergling x16  
  162  12:06  Zerg Melee Weapons Level 1  
  165  12:23  Zergling x18  
  165  12:24  Zergling x2  
  165  12:27  Baneling x21  
  165  12:29  Overseer  
  175  12:40  Zergling x2  
  175  12:42  Overlord  
  176  12:45  Baneling x6  
  176  12:49  Overlord x2  
  176  12:55  Queen x2  
  176  12:58  Overlord  
  174  13:09  Zergling x42  
  191  13:25  Spire  
  167  13:48  Zergling x22  
  167  13:49  Zergling x12  
  169  13:57  Queen x3  
  169  14:01  Drone x5  
  180  14:05  Zerg Melee Weapons Level 2  
  180  14:15  Baneling x11  
  180  14:16  Baneling  
  179  14:25  Infestation Pit  
  179  14:29  Baneling x3  
  179  14:30  Baneling x3  
  159  14:46  Corruptor x9  
  165  15:02  Hive  
  162  15:21  Extractor  
  162  15:24  Zergling x32  
  162  15:25  Extractor  
  162  15:28  Hatchery  
  165  15:38  Baneling x25  
  160  15:52  Zergling x18  
  160  15:53  Zergling x2  
  125  16:20  Baneling x2  
  125  16:21  Baneling x18  
  125  16:22  Ravager x3  
  124  16:26  Roach x8  
Tags
 
Add a new tag
Caveats
  • Supply blocks, unpowered buildings, or Contaminate may cause inaccurate times.
  • Supply counts are checked every 10 seconds.